AoeStats
← 知耻而后勇喜笑颜开

Arabia

507889310Analyzed
1v1 RM · 12d ago on Sep 20, 2026· 46m 58s· 2 players
Game mode
Random Map
Map size
Tiny (2 player)
Population
200
Speed
Normal
Resources
Standard
Victory
Conquest
Starting age
Dark Age
Ending age
Imperial Age
RankedLock teamsTeams togetherTeam positionsShared explorationLock speedFull tech treeHidden civsTurbo modeCheats
Victory
Defeat
1419
+14
🇦🇷 Spanish · Argentina
1373
-14
BloodStorm
6:34 Loom
9:44 Feudal Age
10:29 Double-Bit Axe
20:39 Castle Age
23:29 Bow Saw
23:00 Horse Collar
25:14 Gold Mining
26:46 Husbandry
26:56 Scale Barding Armor
27:17 Heavy Plow
29:07 Stone Mining
30:12 Bloodlines
30:45 Pikeman
30:47 Light Cavalry
31:52 Forging
31:51 Town Watch
32:42 Wheelbarrow
34:22 Squires
37:57 Imperial Age
37:42 Chain Barding Armor
37:58 Iron Casting
37:24 Scale Mail Armor
37:21 Fletching
38:03 Hussar
39:40 Plate Barding Armor
39:40 Caravan
40:44 Fletching
42:04 Iron Casting
46:27 Blast Furnace
知耻而后勇喜笑颜开
4:20 Loom
9:42 Feudal Age
10:58 Double-Bit Axe
13:35 Castle Age
12:15 Horse Collar
17:18 Husbandry
21:55 Wheelbarrow
22:47 Gold Mining
23:00 Heavy Plow
24:31 Town Watch
24:10 Elite Skirmisher
25:39 Ballistics
25:12 Fletching
25:59 Bow Saw
26:37 Gold Mining
26:37 Stone Mining
27:21 Sanctity
29:03 Fervor
29:33 Gold Shaft Mining
29:39 Treadmill Crane
30:27 Forging
30:44 Hand Cart
32:29 Redemption
36:26 Imperial Age
34:07 Bodkin Arrow
34:31 Padded Archer Armor
35:58 Forging
35:53 Scale Barding Armor
38:24 Two-Man Saw
37:25 Bracer
38:32 Chemistry
38:37 Bloodlines
38:55 Conscription
39:38 Leather Archer Armor
40:11 Masonry
39:37 Elite Mameluke
39:58 Heavy Camel Rider
41:24 Chain Barding Armor
41:24 Counterweights
41:44 Guard Tower
42:55 Plate Barding Armor
42:56 Iron Casting
44:52 Thumb Ring
45:12 Parthian Tactics
44:08 Heavy Cavalry Archer
45:50 Ring Archer Armor
44:45 Light Cavalry
48:27 Blast Furnace
Connection lost

Rejoining the realm…

Still unreachable

The connection could not be restored.

Session expired

The server has moved on; the page needs a fresh start.